 Dungeon Crawl Stone Soup version 0.29-a0-555-g3b24f45cc1 (webtiles) character file.

Game seed: 17547034886016413472

21 vulpzor the Sneak (level 2, -2/15 HPs)
             Began as a Spriggan Brigand on June 7, 2022.
             Frozen to death by an endoplasm (5 damage)
             ... on level 1 of the Dungeon on June 8, 2022.
             The game lasted 00:03:56 (986 turns).

vulpzor the Sneak (Spriggan Brigand)                 Turns: 986, Time: 00:03:57

Health: -2/15      AC:  3    Str:  7    XL:     2   Next: 62%
Magic:  3/3        EV: 16    Int: 12    God:
Gold:   21         SH:  0    Dex: 16    Spells: 1/1 levels left

rFire   . . .      SeeInvis +   a - +2 dagger
rCold   . . .      Faith    .   (no shield)
rNeg    . . .      Spirit   .   b - +0 robe
rPois   .          Reflect  .   (helmet restricted)
rElec   .          Harm     .   c - +0 cloak
rCorr   .          Rampage  .   (gloves unavailable)
Will    .....                   (boots unavailable)
Stlth   +++.......              (no amulet)
HPRegen 0.05/turn               (no ring)
MPRegen 0.08/turn               (no ring)

@: very quick
A: very small, no large weapons, unfitting armour, see invisible, speed 3
a: no special abilities


You were on level 1 of the Dungeon.
You visited 1 branch of the dungeon, and saw 1 of its levels.

You collected 21 gold pieces.

Inventory:

Hand Weapons
 a - a +2 dagger (weapon)
Missiles
 d - 14 poisoned darts (quivered)
 e - 3 curare-tipped darts
 g - 54 stones
Armour
 b - a +0 robe (worn)
 c - a +0 cloak (worn)
 h - a +0 leather armour
Scrolls
 f - a scroll of immolation {unknown}
 i - a scroll of poison {unknown}
 k - a scroll of fear {unknown}
Potions
 j - a potion of flight {unknown}
 l - a potion of resistance {unknown}


   Skills:
 + Level 1.7 Fighting
 + Level 2.5 Short Blades
 + Level 2.2 Throwing
 + Level 1.3 Dodging
 + Level 6.5 Stealth


You had one spell level left.
You didn't know any spells.
Your spell library was empty.

Dungeon Overview and Level Annotations

Branches:
Dungeon (1/15)

Altars:


Innate Abilities, Weirdness & Mutations

You are very small and have problems with some larger weapons.
You are too small for most types of armour.
You have supernaturally acute eyesight. (SInv)
You cover ground extremely quickly. (Speed+++)


Message History

The goblin barely misses you. The endoplasm freezes you.
You are frozen.
You hit the goblin.
You kill the goblin!
The endoplasm freezes you.
You are frozen.
The endoplasm closely misses you. x2
You see here a +0 club.
You hit the endoplasm but do no damage. The endoplasm hits you.
The endoplasm hits you but does no damage.
You barely miss the endoplasm. The endoplasm freezes you.
You are frozen.
The endoplasm completely misses you. The endoplasm barely misses you.
You hit the endoplasm.
The endoplasm is severely wounded.
The endoplasm hits you.
* * * LOW HITPOINT WARNING * * *
The endoplasm freezes you.
You are frozen.
* * * LOW HITPOINT WARNING * * *
The endoplasm completely misses you.
The endoplasm jiggles.
Things that are here:
a +0 dagger; a goblin skeleton
Found 12 gold pieces.
You see here 12 gold pieces.
You hit the endoplasm.
The endoplasm is severely wounded.
You hit the endoplasm.
You kill the endoplasm!
The endoplasm freezes you.
You are frozen.
* * * LOW HITPOINT WARNING * * *
You hit the endoplasm.
The endoplasm is almost dead.
The endoplasm freezes you.
You are frozen.
You die...

##...)............#
#..................
#...........###..##
#.........#.# ##.#
#.........#.## #.#
##.........#..###.##
#...J.....###.J##...
######.##J....##
##......
#.......@..####
##.J.....
#......$...#
#........
#..........#
#........
#..........#
#..J#####
#..........#
#...#..##
########....#
#.J.#.... ####...
##..#<.## ##.#
#...#....
###.###...#..##


You could see 2 endoplasms.

Vanquished Creatures
  2 ball pythons (D:1)
  3 endoplasms (D:1)
  3 goblins (D:1)
  4 hobgoblins (D:1)
  A quokka (D:1)
  A frilled lizard (D:1)
  A kobold (D:1)
  3 rats (D:1)
18 creatures vanquished.

Vanquished Creatures (others)
  2 plants (D:1)
2 creatures vanquished.

Grand Total: 20 creatures vanquished

Notes
Turn   | Place    | Note
-------+----------+-------------------------------------------
     0 | D:1      | vulpzor the Spriggan Brigand began the quest for the Orb.
     0 | D:1      | Reached XP level 1. HP: 10/10 MP: 2/2
    67 | D:1      | Reached skill level 6 in Stealth
   570 | D:1      | Reached XP level 2. HP: 14/15 MP: 3/3
   654 | D:1      | Found a faded altar of an unknown god.
   986 | D:1      | Frozen to death by an endoplasm

Illustrated notes

Levels and vault maps discovered:
D:1:      dpeg_arrival_signposts, layout_rooms,
          shapermc_ecumenical_altar_mp_urbaneastern

Skill      XL: |  1 |
---------------+----+-----
Stealth        | 6 |  6.5
Fighting       | |  1.7
Short Blades   | |  2.5
Throwing       | |  2.2
Dodging        | |  1.3

Action                   || total
-------------------------++-------
Melee: Dagger            ||    61
 Stab: Sleeping          ||     4
Armor: Robe              ||     3
Dodge: Dodged            ||    31

Table legend: (Time is in decaauts)
 A = Elapsed time spent in this place.
 B = Non-inter-level travel time spent in this place.
 C = Inter-level travel time spent in this place.
 D = Time resting spent in this place.
 E = Time spent auto-exploring this place.
 F = Levels seen in this place.
 G = Mean time per level.
                   A        B        C        D        E       F      G
               +--------+--------+--------+--------+--------+-----+--------+
         Total |    763 |    763 |      0 |    289 |    166 |   1 |  763.0 |
       Dungeon |    763 |    763 |      0 |    289 |    166 |   1 |  763.0 |
               +--------+--------+--------+--------+--------+-----+--------+

Top non-repeatable levels by time:
     D:1: 763 daAuts
